[Event "Late-Titled-Tuesday-Blitz-June-04-2024"]
[Site "Chess.com"]
[Date "2024.06.04"]
[Round "3"]
[White "Kiborg95"]
[Black "ArtemDyachuk"]
[Result "1-0"]
[WhiteElo "2910"]
[BlackElo "2669"]
[TimeControl "180+1"]
[EndTime "14:27:55 PDT"]
[Termination "Kiborg95 won by resignation"]

1. e4 e5 2. Nf3 Nc6 3. Bc4 Bc5 4. O-O Nf6 5. d3 a6 6. c3 Ba7 7. Re1 d6 8. Bb3 h6 9. Nbd2 O-O 10. Nf1 Be6 11. Bc2 Qd7 12. Ng3 Rfe8 13. h3 Rad8 14. d4 exd4 15. cxd4 d5 16. e5 Ne4 17. Be3 Nxg3 18.
fxg3 Bf5 19. Bxf5 Qxf5 20. g4 Qe6 21. g5 h5 22. Kh2 Qf5 23. Nh4 Qe4 24. Qxh5 g6 25.
Qh6 Bxd4 26. Bxd4 Qxd4 27. e6 Qg7 28. exf7+ Kxf7 29. Rf1+ Kg8 30. Qxg6 Qxg6 31. Nxg6 d4 32. Rad1 d3 33. Rf3 Nb4 34. a3 d2 35. Rf2 Re1 36.
Rdxd2 Rxd2 37. Rxd2 Nc6 38. Rd7 Re6 39. Nf4 Re5 40.
Rxc7 Rxg5 41. Rxb7 Rf5 42. g3 Rc5 43. h4 Rc2+ 44.
Kh3 a5 45. Rc7 a4 46. h5 Nd4 47. Rxc2 Nxc2 48. Kg4 Ne3+ 49. Kg5 Nc4 50. Nd3 Nd2 51. Kf4 Nf1 52. g4 Nd2 53. Nc5 Nc4 54. Nxa4 Nxb2 55. Nxb2 1-0

[Event "Late-Titled-Tuesday-Blitz-June-04-2024"]
[Site "Chess.com"]
[Date "2024.06.04"]
[Round "3"]
[White "HowTo2Draw"]
[Black "Bond_7_7_7"]
[Result "1/2-1/2"]
[WhiteElo "2588"]
[BlackElo "2427"]
[TimeControl "180+1"]
[EndTime "14:27:55 PDT"]
[Termination "Game drawn by repetition"]

1. e4 e5 2. Nf3 Nc6 3. d4 exd4 4. Nxd4 Qf6 5. Nb5 Bc5 6. Qf3 Qxf3 7. gxf3 Kd8 8. Be3 Bxe3 9. fxe3 d6 10. c4 f5 11.
exf5 Bxf5 12. e4 Bg6 13. N1c3 a6 14. Na3 Nf6 15. Be2 Nd4 16. O-O-O Nxe2+ 17. Nxe2 Bh5 18. Rd3 Nxe4 19. fxe4 Bxe2 20. Re3 Bh5 21. e5 Re8 22. Rhe1 dxe5 23. Rxe5 Rxe5 24. Rxe5 Bg6 25. c5 Kd7 26. Nc4 Re8 27. Kd2 Rxe5 28. Nxe5+ Ke6 29. c6 b6 30. Nxg6 hxg6 31. Ke3 g5 32. Ke4 g6 33. h3 Kd6 34. Kf3 Ke5 35. Kg4 Kf6 36. a3 b5 37. b4 Kg7 38. Kxg5 Kf7 39. Kh6 Kf6 40. Kh7 Kg5 41. Kg7 Kh5 42. Kf6 g5 43. Kf5 Kh4 44. Kf6 Kh5 45. Kf5 Kh6 46. Kf6 Kh5 1/2-1/2

[Event "Late-Titled-Tuesday-Blitz-June-04-2024"]
[Site "Chess.com"]
[Date "2024.06.04"]
[Round "3"]
[White "zacachess"]
[Black "rionelG"]
[Result "0-1"]
[WhiteElo "2533"]
[BlackElo "2323"]
[TimeControl "180+1"]
[EndTime "14:27:56 PDT"]
[Termination "rionelG won on time"]

1. e4 c5 2. Nf3 d6 3. d4 cxd4 4.
Nxd4 Nf6 5. Nc3 a6 6. h3 e6 7. g4 h6 8. Bg2 g5 9. b3 Nbd7 10. Bb2 Ne5 11. Qd2 Nfd7 12. O-O-O Ng6 13. Nde2 Be7 14. Kb1 Rg8 15. Ng3 Nde5 16. Nce2 Nh4 17. Bf1 Nhf3 18. Qe3 Qc7 19. Nd4 Nh4 20. Nh5 b5 21.
Be2 Bb7 22. Rhf1 O-O-O 23. f4 Ng2 24. Qg3 Nxf4 25. Nxf4 gxf4 26. Qxf4 Kb8 27. Bf3 Bg5 28. Qg3 h5 29. gxh5 Bh6 30. Qf2 Rg7 31. Bh1 Rdg8 32. Rfe1 Rg5 33. Qe2 Rg3 34. Rf1 Rxh3 35. Nf3 Nd7 36.
Ng1 Re3 0-1

[Event "Late-Titled-Tuesday-Blitz-June-04-2024"]
[Site "Chess.com"]
[Date "2024.06.04"]
[Round "3"]
[White "betta2004"]
[Black "Abund"]
[Result "0-1"]
[WhiteElo "2561"]
[BlackElo "2807"]
[TimeControl "180+1"]
[EndTime "14:27:57 PDT"]
[Termination "Abund won by checkmate"]

1. e4 c6 2. d4 d5 3. e5 c5 4.
dxc5 e6 5. a3 Bxc5 6. b4 Be7 7.
c4 f6 8. Bb2 fxe5 9. cxd5 Nf6 10.
Bxe5 O-O 11. Nf3 exd5 12. Be2 Nc6 13. Bb2 a6 14. O-O Ne4 15. Nbd2 Bf5 16. Nb3 Qd7 17.
Nbd4 Bg6 18. Nxc6 bxc6 19. Ne5 Qe6 20. Nxg6 Qxg6 21. Bf3 Bf6 22. Bxf6 Rxf6 23. Rc1 Raf8 24. Bxe4 Qxe4 25. Rc5 h6 26. Qc2 Qe6 27. f3 Rd8 28. Qd3 d4 29. Rd1 Kh8 30. Rc4 Rf4 31. g3 Rf7 32. Kg2 Rf5 33. Rc2 Re5 34. Qxa6 d3 35. Rxd3 Re2+ 36. Kf1 Re8 37. Rdd2 Qh3+ 38. Kg1 Qg2# 0-1

[Event "Late-Titled-Tuesday-Blitz-June-04-2024"]
[Site "Chess.com"]
[Date "2024.06.04"]
[Round "3"]
[White "Quattroporte300"]
[Black "Zura_19"]
[Result "1-0"]
[WhiteElo "2456"]
[BlackElo "2611"]
[TimeControl "180+1"]
[EndTime "14:27:57 PDT"]
[Termination "Quattroporte300 won on time"]

1. e4 c6 2. d4 d5 3. exd5 cxd5 4. Bd3 Nc6 5. c3 Nf6 6. Bf4 g6 7. Nd2 Bf5 8. Bxf5 gxf5 9. Qf3 e6 10. h3 Rg8 11. Ne2 Bd6 12. O-O-O Rc8 13. Kb1 b5 14. Rhe1 b4 15. c4 Be7 16. c5 Ne4 17. Nxe4 fxe4 18. Qh5 Rxg2 19. Bg3 e3 20. fxe3 Qa5 21. Qf3 Rxg3 22.
Nxg3 b3 23. a3 Qb5 24. e4 Qa4 25. exd5 Nxd4 26. Qd3 Bxc5 27. dxe6 fxe6 28. Qxh7 Qc4 29.
Qd3 Qd5 30. Ne2 Nxe2 31. Qxd5 exd5 32. Rxe2+ Kd7 33. Rxd5+ Kc6 34. Rd1 Rh8 35. Rc1 Kb6 36.
Re6+ Kb5 37. Re5 1-0

[Event "Late-Titled-Tuesday-Blitz-June-04-2024"]
[Site "Chess.com"]
[Date "2024.06.04"]
[Round "3"]
[White "Mikhal867"]
[Black "ACH19"]
[Result "0-1"]
[WhiteElo "2522"]
[BlackElo "2259"]
[TimeControl "180+1"]
[EndTime "14:27:58 PDT"]
[Termination "ACH19 won by checkmate"]

1. d4 Nf6 2. c4 c5 3. d5 b5 4. f3 bxc4 5. e4 d6 6. Bxc4 g6 7. b3 Bg7 8. Bb2 O-O 9. Ne2 Nbd7 10. O-O Nb6 11. Bb5 a6 12. Bc6 Rb8 13. Na3 Nbd7 14.
Nc4 Ne8 15. Bxg7 Kxg7 16. f4 Nb6 17. Na5 Nxd5 18. Bxe8 Qxa5 19. Qxd5 Rxe8 20. f5 Bb7 21. Qd3 Qb4 22. Rf4 g5 23. Rg4 f6 24. Nf4 Qd4+ 25.
Qxd4 cxd4 26. Ne6+ Kf7 27. Re1 d3 28. h4 h5 29. Rg3 d2 30. Rd1 Bxe4 31. hxg5 Bxf5 32. Nd4 Bg4 33. Rxd2 fxg5 34. Rf2+ Kg6 35. Nc6 Rbc8 36. Nb4 Rc1+ 37. Kh2 Ra1 38. Nd5 e6 39. Nc7 Rc8 40. Nxa6 Rcc1 41. Rd3 h4 42. g3 Rh1+ 43. Kg2 Rag1# 0-1

[Event "Late-Titled-Tuesday-Blitz-June-04-2024"]
[Site "Chess.com"]
[Date "2024.06.04"]
[Round "3"]
[White "FischerKasparow"]
[Black "Timurist"]
[Result "0-1"]
[WhiteElo "2093"]
[BlackElo "2353"]
[TimeControl "180+1"]
[EndTime "14:27:58 PDT"]
[Termination "Timurist won on time"]

1. d4 f5 2. Nf3 Nf6 3. g3 e6 4. Bg2 d5 5. O-O c6 6. c4 Bd6 7. Nc3 O-O 8. b3 Bd7 9. Bf4 Be7 10. Ne5 Be8 11. f3 Nbd7 12. e4 Nh5 13. Nxd7 Qxd7 14. Be5 fxe4 15. fxe4 Rxf1+ 16. Kxf1 Nf6 17. exd5 exd5 18.
Bxf6 Bxf6 19. cxd5 Bg6 20. dxc6 bxc6 21. Ne2 Rf8 22.
Kg1 Bh5 23. Kh1 Re8 24. Bf1 Bf3+ 25. Kg1 Bxe2 26. Bxe2 Qxd4+ 27. Qxd4 Bxd4+ 28. Kf1 Bxa1 29. Bc4+ Kf8 30. Kg2 Ke7 31. Kf3 Kf6 32. h4 g5 33. h5 h6 34. g4 Bd4 35. a4 Re3+ 36.
Kg2 Ke5 37. b4 Kf4 38. b5 cxb5 39. Bxb5 Kxg4 40. Bd7+ Kxh5 41. a5 Kh4 42. a6 g4 43.
Kf1 Kg3 44. Bc6 Bc3 0-1

[Event "Late-Titled-Tuesday-Blitz-June-04-2024"]
[Site "Chess.com"]
[Date "2024.06.04"]
[Round "3"]
[White "Maus7"]
[Black "pirulillo"]
[Result "1-0"]
[WhiteElo "2566"]
[BlackElo "2363"]
[TimeControl "180+1"]
[EndTime "14:27:59 PDT"]
[Termination "Maus7 won by resignation"]

1. e4 c5 2. Nf3 e6 3. d4 cxd4 4.
Nxd4 Nf6 5. Nc3 Nc6 6. Ndb5 d6 7. Bf4 e5 8. Bg5 a6 9. Na3 b5 10. Nd5 Be7 11. Bxf6 Bxf6 12. c3 O-O 13. Nc2 Bg5 14. a4 bxa4 15. Rxa4 a5 16. Bc4 Rb8 17. Ra2 Kh8 18.
b3 f5 19. exf5 Bxf5 20. O-O e4 21. Nd4 Ne5 22. Nxf5 Rxf5 23. Qe2 Nxc4 24. bxc4 Re5 25. Rfa1 h6 26. Rxa5 Qxa5 27. Rxa5 Rb1+ 28. Qf1 Rxf1+ 29. Kxf1 e3 30. fxe3 Bxe3 31. Ra8+ Kh7 32. Nxe3 Rxe3 33. Ra3 Re4 34. Ra4 Re3 35. Ra3 Re4 36. Kf2 Rxc4 37. Ke3 Kg6 38. Kd3 Rc6 39. Ra5 Kf6 40. c4 Ke6 41.
Ra7 Kf6 42. Kd4 Rb6 43. Ra2 Rc6 44. Re2 Ra6 45. g3 g5 46. Kd5 Kf5 47. h3 h5 48.
Rf2+ Kg6 49. g4 h4 50. Re2 Ra3 51. Kxd6 Rxh3 52. Rc2 Rg3 53. c5 Rxg4 54. c6 Rf4 55. c7 Rf8 56. c8=Q Rxc8 57. Rxc8 h3 58. Ke5 g4 59.
Kf4 h2 60. Rh8 g3 61. Kxg3 h1=Q 62. Rxh1 1-0

[Event "Late-Titled-Tuesday-Blitz-June-04-2024"]
[Site "Chess.com"]
[Date "2024.06.04"]
[Round "3"]
[White "Revan_2002"]
[Black "fpawn"]
[Result "1-0"]
[WhiteElo "2794"]
[BlackElo "2415"]
[TimeControl "180+1"]
[EndTime "14:27:59 PDT"]
[Termination "Revan_2002 won by resignation"]

1. d4 d5 2. c4 c6 3. Nf3 Nf6 4. e3 e6 5. b3 Nbd7 6. Bd3 Bd6 7. O-O Qe7 8. Bb2 Ne4 9. Nc3 f5 10. Ne2 Qf6 11. Bc2 g5 12. Ne1 Qh6 13. f4 g4 14.
Nd3 O-O 15. Ne5 Qg7 16. Bxe4 fxe4 17. Ng3 Nxe5 18. dxe5 Be7 19. Nh5 Qg6 20. Nf6+ Bxf6 21. exf6 Kf7 22. f5 exf5 23. cxd5 cxd5 24. Qxd5+ Be6 25. Qxb7+ Kg8 26. Rac1 Rfb8 27. Qa6 Rb6 28. Qa3 Qf7 29. Bd4 Rb7 30. Qd6 Rd7 31. Qf4 Rad8 32.
Rc5 Rxd4 33. exd4 Qxf6 34. Re5 Rxd4 35. Qxg4+ Kh8 36. Qf4 Rd3 37. Rxe4 Bd5 38. Re8+ Kg7 39. Re5 Be6 40. Re3 Rd7 41. Rfe1 Bf7 42. h3 h6 43. Kh2 Bg6 44. Rg3 Kh7 45. Qe5 Qxe5 46. Rxe5 Rd2 47.
Re7+ 1-0

[Event "Late-Titled-Tuesday-Blitz-June-04-2024"]
[Site "Chess.com"]
[Date "2024.06.04"]
[Round "3"]
[White "OIAM03"]
[Black "Felix-Rose"]
[Result "0-1"]
[WhiteElo "2040"]
[BlackElo "2345"]
[TimeControl "180+1"]
[EndTime "14:27:59 PDT"]
[Termination "Felix-Rose won on time"]

1. e4 c5 2. c3 g6 3. d4 cxd4 4. cxd4 d5 5. exd5 Nf6 6. Nc3 Bg7 7. Nf3 O-O 8. Bc4 Nbd7 9. O-O Nb6 10. b3 Nbxd5 11. Nxd5 Nxd5 12. Bb2 Bg4 13. h3 Bxf3 14. Qxf3 e6 15. Rfe1 Nb6 16. Qxb7 Nxc4 17. bxc4 Rb8 18. Qxa7 Rxb2 19. Rad1 Qf6 20. d5 exd5 21. cxd5 Qd6 22. a4 Rd8 23. a5 Rb5 24. a6 Rxd5 25. Rxd5 Qxd5 26. Qe3 Bd4 27. Qe7 Kg7 28. a7 Ra8 29. Qe4 Qxe4 30. Rxe4 Bxa7 31. Kf1 Bc5 32. f3 Ra2 33.
Rc4 Bf2 34. g4 Bg3 35. Rc6 Rf2+ 36. Kg1 Rxf3 37. Kg2 Ra3 0-1

[Event "Late-Titled-Tuesday-Blitz-June-04-2024"]
[Site "Chess.com"]
[Date "2024.06.04"]
[Round "3"]
[White "GMG"]
[Black "rasmussvane"]
[Result "1-0"]
[WhiteElo "2718"]
[BlackElo "2916"]
[TimeControl "180+1"]
[EndTime "14:28:00 PDT"]
[Termination "GMG won by checkmate"]

1. d4 d5 2. c4 e6 3. Nf3 a6 4.
e3 Nf6 5. Nc3 dxc4 6. Bxc4 b5 7.
Bb3 Bb7 8. O-O Nbd7 9. Re1 c5 10. e4 cxd4 11. Nxd4 Ne5 12. Bf4 Bd6 13. Nf5 exf5 14. exf5 O-O 15. Bxe5 Bxe5 16. Rxe5 Qc7 17. Qe2 Ng4 18.
f4 Qb6+ 19. Kh1 Nf2+ 20. Kg1 Nh3+ 21. Kh1 Nxf4 22. Qe3 Bxg2+ 23. Kg1 Qh6 24. Rd1 Bc6 25. Rd4 Qg5+ 26. Qg3 Qxg3+ 27. hxg3 Nh5 28. g4 Nf6 29. g5 Rfe8 30. Rxe8+ Nxe8 31. g6 hxg6 32. fxg6 Kf8 33. gxf7 Nf6 34. Ne2 g5 35. Rd6 Bf3 36.
Nd4 Ne4 37. Rh6 Kg7 38. Nf5+ Kf8 39. Rh8# 1-0

[Event "Late-Titled-Tuesday-Blitz-June-04-2024"]
[Site "Chess.com"]
[Date "2024.06.04"]
[Round "3"]
[White "SahaNeelash"]
[Black "eljanov"]
[Result "0-1"]
[WhiteElo "2675"]
[BlackElo "2914"]
[TimeControl "180+1"]
[EndTime "14:28:00 PDT"]
[Termination "eljanov won by resignation"]

1. d4 d5 2. Bf4 c5 3. e3 Nc6 4. c3 Bf5 5. Nd2 e6 6. Qb3 Qd7 7. Ngf3 c4 8. Qd1 b5 9. Nh4 Bd6 10.
Nxf5 exf5 11. Qf3 Bxf4 12. Qxf4 Nf6 13. Be2 O-O 14. O-O Rfe8 15. Bf3 h6 16. h4 a5 17. b3 a4 18. b4 Ne7 19. a3 Ne4 20.
Bxe4 dxe4 21. Rac1 Nd5 22. Qh2 Ra6 23. Kh1 Rf6 24. Qh3 g5 25. g3 Kg7 26. Kg2 Qc6 27. hxg5 hxg5 28. Rh1 Rg8 29. g4 f4 30. Qh7+ Kf8 31.
Nxe4 Re6 32. Rhe1 Nxc3 33. Rxc3 Rxe4 34. f3 Re6 35. e4 Rh6 36. Qf5 Rgh8 37. Qxg5 Rh2+ 38.
Kf1 Rd2 39. Qd8+ Kg7 40. Qg5+ Qg6 41. Qxg6+ Kxg6 42. Re2 Rd1+ 43. Kg2 Rdh1 0-1

[Event "Late-Titled-Tuesday-Blitz-June-04-2024"]
[Site "Chess.com"]
[Date "2024.06.04"]
[Round "3"]
[White "patzer-reloaded"]
[Black "Hasangatin_Ramil"]
[Result "0-1"]
[WhiteElo "2402"]
[BlackElo "2722"]
[TimeControl "180+1"]
[EndTime "14:28:00 PDT"]
[Termination "Hasangatin_Ramil won by resignation"]

1. d3 d5 2. Nf3 Nc6 3. g3 e5 4. Bg2 Be6 5. O-O h6 6. c4 dxc4 7. Qa4 Qd7 8. dxc4 e4 9. Rd1 Bd6 10. c5 exf3 11. exf3 Nge7 12. Nc3 O-O 13. cxd6 cxd6 14.
f4 d5 15. Be3 Rfd8 16. Bc5 d4 17. Nb5 d3 18. Nd6 b6 19. Ba3 a6 20. Rxd3 b5 21. Qe4 Rab8 22. Bc5 Na5 23. Rad1 Qc7 24. b4 Nc4 25. Nxc4 Rxd3 26. Rxd3 Bxc4 27. Bd6 Bxd3 28. Bxc7 Bxe4 29. Bxb8 Bxg2 30. Kxg2 Nc6 31. Bd6 f5 32. Kf3 Kf7 33. Ke3 Ke6 34. Bc5 g6 35. f3 Kd5 36. Kd3 a5 37. a3 a4 38. h3 h5 39. g4 Nd8 40. Bd4 Ne6 41. Be5 Nf8 42. Ke3 Nd7 43. Bb2 Nb6 44. Kf2 Nc4 45. Bc1 Kd4 46. Kg3 Kd3 47. gxh5 gxh5 48. Kh4 Kc2 49.
Kxh5 Kxc1 50. Kg6 Nxa3 51. h4 Nc2 52. h5 a3 53. h6 a2 54. h7 a1=Q 0-1

[Event "Late-Titled-Tuesday-Blitz-June-04-2024"]
[Site "Chess.com"]
[Date "2024.06.04"]
[Round "3"]
[White "Bala-Afiada"]
[Black "AndresDelgado77"]
[Result "0-1"]
[WhiteElo "2066"]
[BlackElo "2352"]
[TimeControl "180+1"]
[EndTime "14:28:01 PDT"]
[Termination "AndresDelgado77 won by checkmate"]

1. d4 Nf6 2. c4 c5 3. d5 b5 4.
cxb5 a6 5. b6 Qxb6 6. Nc3 d6 7.
Nf3 g6 8. e4 Bg7 9. Nd2 O-O 10.
Nc4 Qc7 11. Be2 Bd7 12. O-O Bb5 13. Bg5 Bxc4 14. Bxc4 Nbd7 15. Rc1 Rfb8 16. b3 Qa5 17. Bd2 Ne5 18. Qc2 Nxc4 19. bxc4 Qa3 20. Rb1 Rb4 21.
e5 Ng4 22. Ne4 Rxb1 23. Rxb1 Bxe5 24. h3 Nf6 25. Rb3 Qa4 26. Nxf6+ exf6 27. f4 Bd4+ 28.
Kh2 Qe8 29. Rb7 Qe2 30. Qc1 Re8 31. Rd7 h5 32. f5 Qe5+ 33. Kh1 Qxf5 34. Rxd6 Re2 35.
Bf4 Be5 36. Bxe5 Qxe5 37. Rd8+ Kg7 38. Qf1 Re1 39. d6 Rxf1# 0-1

[Event "Late-Titled-Tuesday-Blitz-June-04-2024"]
[Site "Chess.com"]
[Date "2024.06.04"]
[Round "3"]
[White "Viktoker"]
[Black "campochess"]
[Result "0-1"]
[WhiteElo "2375"]
[BlackElo "2179"]
[TimeControl "180+1"]
[EndTime "14:28:02 PDT"]
[Termination "campochess won on time"]

1. d4 c5 2. d5 Nf6 3. Nc3 d6 4. e4 g6 5. Nf3 Nbd7 6. Be2 Bg7 7. O-O a6 8. a4 O-O 9. Be3 Ng4 10. Bf4 f5 11. exf5 Rxf5 12. Bg3 Nge5 13. Nd2 Rf8 14.
f4 Nf7 15. Kh1 Nh6 16. Nc4 Nf6 17. Bf2 Bf5 18. Bg1 Ne4 19. Nxe4 Bxe4 20. c3 Kh8 21.
Bd3 Bxd3 22. Qxd3 Rb8 23. a5 Nf5 24. Rae1 Rf7 25. g4 Nh6 26. h3 Ng8 27. g5 Qd7 28.
Re6 Qa4 29. Be3 Qb5 30. Rf2 b6 31. axb6 Rxb6 32. Qe4 Rb7 33. h4 Qb3 34. Qd3 Qa4 35. h5 Rf5 36. hxg6 h6 37. Qxf5 Qxc4 38. Qh3 Qxd5+ 39.
Kg1 Qd1+ 40. Kg2 Qd5+ 41. Kg1 Qd1+ 42. Qf1 Qg4+ 43. Rg2 Qxe6 44. Bc1 d5 45. f5 Qe4 46. f6 exf6 47. gxh6 Nxh6 48. Bxh6 Bxh6 49. Qxf6+ Bg7 50. Rh2+ Kg8 51. Qf2 Rb6 52. Qxc5 Rxg6+ 53. Kf1 Qb1+ 0-1

[Event "Late-Titled-Tuesday-Blitz-June-04-2024"]
[Site "Chess.com"]
[Date "2024.06.04"]
[Round "3"]
[White "tactic"]
[Black "Sanan_Sjugirov"]
[Result "0-1"]
[WhiteElo "2575"]
[BlackElo "2947"]
[TimeControl "180+1"]
[EndTime "14:28:03 PDT"]
[Termination "Sanan_Sjugirov won by resignation"]

1. e4 e6 2. f4 d5 3. Nc3 d4 4.
Nce2 c5 5. Nf3 Nc6 6. d3 Bd6 7. g3 Nge7 8. a4 f6 9. Bg2 e5 10. f5 g5 11. g4 h5 12. gxh5 Rxh5 13. Ng3 Rh8 14. h4 gxh4 15. Rxh4 Kd7 16. Kf2 Kc7 17. c3 Bd7 18. Qh1 Rxh4 19. Qxh4 Qf8 20. Bh6 Qf7 21. c4 Rh8 22. Rh1 Ng8 23. Qh5 Qxh5 24. Rxh5 Rxh6 25. Nh4 Be8 26. Rxh6 Nxh6 27. Bf3 Nb4 28.
Ke2 Bxa4 29. Kd2 Be8 30. Ng6 Ng8 31. Nh5 Bf7 32. Ng7 Nh6 33. Nh5 Ng8 34. Ng7 Nc6 35. Nh8 Nh6 36. Bh5 Bxh5 37. Nxh5 Be7 38. Ng6 Kd7 39.
Ng7 Nf7 40. Ne6 Ng5 41. Ng7 a6 42. Ke2 b5 43. b3 bxc4 44. bxc4 a5 45. Ne6 a4 46.
Nxe7 Kxe7 47. Nxc5 a3 48. Nb3 a2 49. Kd2 Nb4 50. Kc1 Nxd3+ 51. Kc2 Nb4+ 52. Kb2 Nxe4 53. Ka3 Nc5 54. Na1 Nca6 55. Ka4 d3 56. Kb5 d2 0-1

[Event "Late-Titled-Tuesday-Blitz-June-04-2024"]
[Site "Chess.com"]
[Date "2024.06.04"]
[Round "3"]
[White "Mikhail_Golubev"]
[Black "Kirill_Klukin"]
[Result "0-1"]
[WhiteElo "2502"]
[BlackElo "2819"]
[TimeControl "180+1"]
[EndTime "14:28:03 PDT"]
[Termination "Kirill_Klukin won on time"]

1. e4 e6 2. d4 d5 3. e5 c5 4. c3 Nc6 5. Nf3 Nge7 6. Na3 Bd7 7. Be2 Nf5 8. Nc2 cxd4 9. cxd4 Qa5+ 10. Kf1 Qb6 11. g4 Nfe7 12. Kg2 h5 13. h3 Ng6 14. Be3 Be7 15. g5 Rc8 16. Rb1 Na5 17. Bd3 Nf8 18.
g6 f6 19. exf6 Bxf6 20. Ne5 Nc4 21. Bxc4 dxc4 22. d5 Qa6 23. Nf7 Nxg6 24. Nb4 Qa5 25. Nd6+ Ke7 26. Nxc8+ Rxc8 27. a3 Nh4+ 28. Kh2 Nf5 29.
Re1 Qc7+ 30. Kg1 Kf8 31. dxe6 Bxe6 32. Bc5+ Qxc5 33. Rxe6 Ne7 34. Qf3 a5 35. Rxf6+ gxf6 36. Qxf6+ Ke8 37. Qh8+ Kd7 38. Rd1+ Kc7 39. Qf6 axb4 40.
Qf4+ Kb6 0-1

[Event "Late-Titled-Tuesday-Blitz-June-04-2024"]
[Site "Chess.com"]
[Date "2024.06.04"]
[Round "3"]
[White "andrejljepic"]
[Black "lluiss"]
[Result "1-0"]
[WhiteElo "2411"]
[BlackElo "2203"]
[TimeControl "180+1"]
[EndTime "14:28:03 PDT"]
[Termination "andrejljepic won on time"]

1. e4 c5 2. Nf3 d6 3. Bb5+ Bd7 4. Bxd7+ Nxd7 5. O-O Ngf6 6. Re1 e6 7. c3 Be7 8. d4 cxd4 9. cxd4 d5 10. e5 Ne4 11.
Nbd2 Nxd2 12. Bxd2 O-O 13. Rc1 Nb6 14. Ba5 Qd7 15. Bxb6 axb6 16. Qb3 Rfc8 17. Rxc8+ Qxc8 18. a3 Qc6 19. Re3 Qc1+ 20. Re1 Qc6 21. g3 Rc8 22. Re3 Qc4 23. Qxb6 Qc1+ 24. Kg2 Rc2 25. Rb3 Qd1 26. Qxb7 Bf8 27. Rc3 Rxc3 28. bxc3 Bxa3 29. c4 dxc4 30.
Qc8+ Bf8 31. Qxc4 h6 32. h4 g6 33. Qf1 Qc2 34. Qe1 Qc6 35. Qe3 Kg7 36. Kf1 Be7 37. Ke2 Qb5+ 38. Qd3 Qb2+ 39. Nd2 Qb7 40.
Ne4 Qd5 41. Ke3 g5 42. hxg5 hxg5 43. Kf3 Qc6 44. Kg4 Kh6 45. Qf3 Kg6 46. Nxg5 Bxg5 47.
Qxc6 1-0

[Event "Late-Titled-Tuesday-Blitz-June-04-2024"]
[Site "Chess.com"]
[Date "2024.06.04"]
[Round "3"]
[White "Engima32"]
[Black "Chessgod9oninsta"]
[Result "0-1"]
[WhiteElo "2473"]
[BlackElo "2709"]
[TimeControl "180+1"]
[EndTime "14:28:05 PDT"]
[Termination "Chessgod9oninsta won by checkmate"]

1. a3 a6 2. d4 d5 3. Bf4 Bf5 4. Nf3 e6 5. e3 c5 6. c3 Nc6 7. Nbd2 c4 8. Be2 Bd6 9. O-O Nf6 10. Ne5 O-O 11. f3 Qc7 12. g4 Bg6 13. Nxg6 hxg6 14. Bxd6 Qxd6 15. e4 Qf4 16. e5 Nd7 17. Rf2 b5 18. Nf1 f6 19. exf6 Nxf6 20. Qd2 Qd6 21. Ng3 Rf7 22. f4 Raf8 23. Raf1 a5 24. Kg2 b4 25. axb4 axb4 26. h3 bxc3 27. bxc3 Rb8 28. Qc2 Qa3 29. Qxg6 Qxc3 30. f5 Ne7 31. Qg5 exf5 32. Nxf5 Nxf5 33. Qxf5 Rbf8 34. Qe6 Qxd4 35. Rf4 Qd2 36. g5 Re8 37. Qxe8+ Nxe8 38. Rxf7 Qxe2+ 39. R1f2 Qe4+ 40. Kh2 Qe5+ 41. Kh1 Nd6 42. g6 Nxf7 43. gxf7+ Kf8 44. Kg2 d4 45. h4 d3 46. Kh3 c3 47.
Kg2 d2 48. Rf1 c2 49. Rf2 d1=Q 50. Rf1 c1=Q 51. Rxd1 Qxd1 52. Kh3 Qf3# 0-1

[Event "Late-Titled-Tuesday-Blitz-June-04-2024"]
[Site "Chess.com"]
[Date "2024.06.04"]
[Round "3"]
[White "Der_Balak_3Halak"]
[Black "protectiago"]
[Result "1-0"]
[WhiteElo "2377"]
[BlackElo "2116"]
[TimeControl "180+1"]
[EndTime "14:28:05 PDT"]
[Termination "Der_Balak_3Halak won by resignation"]

1. b3 Nf6 2. Bb2 d5 3. Nf3 c5 4. e3 Nc6 5. Bb5 Bd7 6. O-O e6 7. d3 Be7 8. Nbd2 O-O 9. Bxc6 Bxc6 10. Ne5 Nd7 11. Nxc6 bxc6 12. f4 Bf6 13. Bxf6 Nxf6 14. Nf3 Qb6 15. Qe2 c4 16. bxc4 dxc4 17. d4 Ne4 18.
Ne5 c3 19. Nd7 Qa5 20. Nxf8 Rxf8 21. Qd3 f5 22. Qc4 Qd5 23. Qxd5 exd5 24. Rfb1 Re8 25. Rb7 Nd2 26. Kf2 Nc4 27. Re1 a5 28. Rc7 Re6 29. Rb1 h6 30. Rbb7 Rg6 31. h4 h5 32. g3 Kh7 33. a4 Kh6 34. Rc8 Re6 35. Rh8+ Kg6 36. Rg8 Rxe3 37. Rgxg7+ Kh6 38. Rg5 Re6 39. Rxf5 Nd6 40.
Rbf7 Nxf5 41. Rxf5 Kg6 42. Rg5+ Kh6 43. f5 Rf6 44.
Ke3 Rf8 45. Kf4 Re8 46. Rg6+ Kh7 47. Rxc6 Re4+ 48. Kg5 Rg4+ 49. Kxh5 Rxg3 50. Rc7+ Kg8 51. Rc5 Rg2 52. Rxc3 Kf7 53. Rc6 Rd2 54. c3 Rf2 55.
Kg4 Rg2+ 56. Kf4 Rh2 57. Ke5 Rxh4 58. Rc7+ Ke8 59. Kxd5 Rh3 60. f6 Rf3 61. f7+ Kd8 62. Ra7 1-0

[Event "Late-Titled-Tuesday-Blitz-June-04-2024"]
[Site "Chess.com"]
[Date "2024.06.04"]
[Round "3"]
[White "shirovin"]
[Black "emeli_chess"]
[Result "0-1"]
[WhiteElo "2095"]
[BlackElo "2372"]
[TimeControl "180+1"]
[EndTime "14:28:05 PDT"]
[Termination "emeli_chess won on time"]

1. e4 c5 2. Nf3 d6 3. d4 cxd4 4. Nxd4 Nf6 5. Nc3 a6 6. Bg5 e6 7. f4 Nbd7 8. Qf3 Qc7 9. O-O-O b5 10. e5 Bb7 11. Qh3 dxe5 12. Nxe6 fxe6 13. Qxe6+ Be7 14. Bxf6 gxf6 15. Be2 h5 16. Nd5 Bxd5 17. Rxd5 exf4 18. Bd3 Nf8 19. Qf5 Rd8 20. Re1 Rxd5 21. Qxd5 Qd6 22.
Qe4 Kf7 23. a4 Rg8 24. axb5 axb5 25. Bxb5 Rg5 26. Bc4+ Kg7 27. h3 Ng6 28. Bd3 Qe5 29.
b4 Qxe4 30. Rxe4 Rxg2 31. b5 Ne5 32. b6 Bd6 33. Rd4 Nxd3+ 34. Rxd3 Be5 35. Rd7+ Kg6 36. b7 Rg1+ 37. Kd2 Rb1 38. Re7 f3 39. Ke3 Rb2 0-1

[Event "Late-Titled-Tuesday-Blitz-June-04-2024"]
[Site "Chess.com"]
[Date "2024.06.04"]
[Round "3"]
[White "BerlinDrawer"]
[Black "Viktor_Poddubnyi"]
[Result "1-0"]
[WhiteElo "2575"]
[BlackElo "2376"]
[TimeControl "180+1"]
[EndTime "14:28:06 PDT"]
[Termination "BerlinDrawer won on time"]

1. e4 g6 2. d4 Bg7 3. c4 Nc6 4. Be3 e5 5. Nf3 exd4 6. Nxd4 Qf6 7. Nxc6 dxc6 8. Nc3 Qe7 9. f3 Be6 10. Be2 Nf6 11. O-O a6 12. Qb3 O-O-O 13. Qa4 Nd7 14. Rac1 Nb6 15. Bxb6 cxb6 16. Nd5 Bxd5 17. cxd5 c5 18. b4 Bd4+ 19. Kh1 Kb8 20. bxc5 Bxc5 21. Rb1 f5 22. Bd3 fxe4 23. Bxe4 Qe5 24. f4 Qd4 25.
Qc2 Rhe8 26. Rfe1 Re7 27. Bf3 Rxe1+ 28. Rxe1 Qxf4 29. Qd1 Bd6 30. g3 Qf6 31. Re6 Qc3 32.
Kg2 Qb2+ 33. Re2 Qc3 34. Rc2 Qe5 35. Re2 Qc3 36. Rc2 Qe5 37. Qc1 h5 38. Re2 Qd4 39.
Qg5 Bc5 40. Qxd8+ Ka7 41. Qg5 1-0

[Event "Late-Titled-Tuesday-Blitz-June-04-2024"]
[Site "Chess.com"]
[Date "2024.06.04"]
[Round "3"]
[White "traviscottofficial"]
[Black "SilverCityIndigo"]
[Result "1-0"]
[WhiteElo "2677"]
[BlackElo "2468"]
[TimeControl "180+1"]
[EndTime "14:28:07 PDT"]
[Termination "traviscottofficial won on time"]

1. Na3 Na6 2. e4 c6 3. Bxa6 bxa6 4. Ne2 d5 5. d3 Rb8 6. O-O g6 7. b3 Bg7 8. Rb1 Nf6 9. Bf4 Rb7 10. e5 Nh5 11. d4 Nxf4 12. Nxf4 O-O 13. c4 Bf5 14.
Rb2 dxc4 15. Nxc4 Bh6 16. Ne2 Rd7 17. Ne3 Be4 18. Rd2 c5 19. Nc3 Ba8 20. d5 e6 21.
d6 Bg7 22. Nc4 Qg5 23. f4 Qh4 24. Qe2 f6 25. exf6 Qxf6 26. Ne5 Rdd8 27. Ne4 Qf5 28. Nxc5 Bd5 29. d7 g5 30. g4 Qf6 31. Ne4 Bxe4 32. Qxe4 gxf4 33. Nc6 Qg5 34. Qxe6+ Kh8 35. Nxd8 Rxd8 36. Qf5 Qe7 37. Qxf4 Be5 38. Qf7 Qc5+ 39.
Kg2 Qc6+ 40. Qf3 Qe6 41. Qe4 1-0